 Dungeon Crawl Stone Soup version 0.29-a0-22-gbf593b16ee (webtiles) character file.

Game seed: 4701035389743729307

1968 Hasart the Insei (level 9, -14/58 HPs)
             Began as an Octopode Transmuter on Jan 29, 2022.
             Was an Initiate of Gozag.
             Killed from afar by Maggie (23 damage)
             ... with a bolt of fire
             ... on level 7 of the Dungeon.
             The game lasted 00:17:31 (6899 turns).

Hasart the Insei (Octopode Transmuter)              Turns: 6899, Time: 00:17:32

Health: -14/58     AC:  1    Str: 10    XL:     9   Next: 20%
Magic:  12/15      EV: 14    Int: 19    God:    Gozag
Gold:   451        SH:  0    Dex: 12    Spells: 7/16 levels left

rFire   . . .      SeeInvis .     - Unarmed
rCold   . . .      Faith    .   (no shield)
rNeg    . . .      Spirit   .   (helmet restricted)
rPois   .          Reflect  .   a - amulet of the acrobat
rElec   .          Harm     .   (no ring)
rCorr   .          Rampage  .   (no ring)
Will    .....                   (no ring)
Stlth   ++........              (no ring)
HPRegen 0.19/turn               (no ring)
MPRegen 0.14/turn               (no ring)
                                (no ring)
                                (no ring)

@: wereblooded, gold aura, mesmerised
A: almost no armour, amphibious, 8 rings, camouflage 1, gelatinous body 1,
(nimble swimmer 1), tentacles
a: Renounce Religion, Potion Petition, Call Merchant, Bribe Branch


You were on level 7 of the Dungeon.
You worshipped Gozag.
Gozag was aware of your devotion.
You visited 2 branches of the dungeon, and saw 8 of its levels.

You collected 533 gold pieces.
You paid 82 gold pieces to Gozag.

Inventory:

Missiles
 f - 5 javelins (quivered)
Jewellery
 a - an amulet of the acrobat (around mantle)
 h - a ring of fire
Wands
 u - a wand of flame (18)
 v - a wand of paralysis (2)
Scrolls
 e - 3 scrolls of teleportation
 g - a scroll of amnesia
 i - a scroll of immolation
 s - a scroll of vulnerability
Potions
 b - 2 potions of mutation
 c - a potion of lignification
 d - 3 potions of cancellation
 j - a potion of flight
 n - 3 potions of degeneration
 q - a potion of curing
 r - a potion of heal wounds {unknown}
 t - a potion of might {unknown}
Miscellaneous
 k - a lightning rod (1/4)


   Skills:
 + Level 4.0 Fighting
 + Level 0.2 Throwing
 + Level 4.4 Dodging
 * Level 6.6 Unarmed Combat
 + Level 4.1 Spellcasting
 + Level 4.5 Transmutations
 + Level 2.5 Ice Magic
 + Level 4.2 Poison Magic
 + Level 3.8 Evocations


You had 7 spell levels left.
You knew the following spells:

 Your Spells              Type           Power      Damage    Failure   Level
b - Wereblood             Tmut           20%        N/A       3%          2
c - Spider Form           Tmut/Pois      20%        N/A       7%          3
d - Ice Form              Ice/Tmut       17%        N/A       32%         4

Your spell library contained the following spells:

 Spells                   Type           Power      Damage    Failure   Level
 Beastly Appendage        Tmut           40%        N/A       2%          1
 Slow                     Hex            12%        N/A       14%         1
 Sublimation of Blood     Necr           3%         N/A       21%         2
 Confusing Touch          Hex            3%         N/A       38%         3
 Tukima's Dance           Hex            3%         N/A       38%         3
 Vampiric Draining        Necr           3%         2d6       38%         3
 Alistair's Intoxication  Tmut/Pois      13%        N/A       54%         5
 Anguish                  Hex/Necr       1%         N/A       80%         4
 Death Channel            Necr           1%         N/A       100%        6
 Enfeeble                 Hex            1%         N/A       100%        7
 Haunt                    Necr/Summ      1%         N/A       100%        7


Dungeon Overview and Level Annotations

Branches:
Dungeon (7/15)             Temple (1/1) D:5

Altars:
Cheibriados
Dithmenos
Elyvilon
Fedhas
Gozag
Kikubaaqudgha
Makhleb
Nemelex Xobeh
Okawaru
Qazlal
Ru
Sif Muna
Vehumet
Xom
Zin
The Shining One

Shops:
D:2 (

Annotations:
D:6 3 runed translucent doors, earlgrey's ghost, novice TrTm
D:7 Maggie


Innate Abilities, Weirdness & Mutations

You cannot wear most types of armour.
You are amphibious.
You can wear up to eight rings at the same time.
Your skin changes colour to match your surroundings (Stealth+).
Your rubbery body absorbs attacks. (AC +1, EV +1)
((You are camouflaged when in or above water. (Stealth+)))
You have tentacles for arms and can constrict up to eight enemies at once.


Message History

Maggie casts a spell.
Maggie draws you further into her thrall.
The kobold brigand hits you with a +0 short sword.
You barely miss the kobold brigand.
The kobold brigand is moderately wounded.
Maggie points at you and mumbles some strange words.
The bolt of fire misses you. The kobold brigand misses you.
You hit the kobold brigand but do no damage.
The kobold brigand is moderately wounded.
You hiss as the wereblood boils in your veins!
Maggie barely misses you.
You bite Maggie!
Maggie is severely wounded.
You hiss as the wereblood boils in your veins!
The kobold brigand closely misses you.
You bite the kobold brigand!
The kobold brigand looks as sick as possible!
The kobold brigand is severely wounded.
Maggie barely misses you. The kobold brigand barely misses you.
You hit Maggie.
Maggie looks as sick as possible!
Maggie is severely wounded.
Maggie casts a spell at you. The bolt of fire hits you!
The kobold brigand hits you with a +0 short sword!
You hit the kobold brigand.
You feel a bit better.
You kill the kobold brigand!
Your transformation has ended.
Maggie hits you with a +0 morningstar of flaming!
* * * LOW HITPOINT WARNING * * *
Maggie burns you.
* * * LOW HITPOINT WARNING * * *
Your Fighting skill increases to level 4!
You tentacle-slap Maggie. You grab Maggie.
Maggie is severely wounded.
You howl as the wereblood boils in your veins!
You constrict Maggie, but do no damage.
Maggie points at you and mumbles some strange words.
The bolt of fire hits you!!
You die...
Your body crumbles into a pile of gold.

#.#####.#####.####(#
..<..........#####..
#............#.....#
#.#####.##...#.###..
#####.##...# ##.#
#.....##...# ##...
#.######.#......_.
#)# #.#..#.#... #@#
#.#>.#.##.#
#..@K...... # ...#
#.#.#####.. ###..
.....# #.. ...
......#. ###. .. .
..... ##


You could see Maggie (mesmerising, extremely poisoned) and a kobold.

Vanquished Creatures
  A komodo dragon (D:6)
  Eustachio (D:5)
  A water moccasin (D:6)
  Duvessa (D:4)
  A sky beast (D:6)
  2 ice beasts (D:5)
  3 ogres
  A phantom (D:6)
  2 centaurs
  Blork the orc (D:5)
  A kobold brigand (D:7)
  Dowan (D:5)
  2 water moccasin skeletons
  A centaur skeleton (D:5)
  3 hounds
  A bullfrog skeleton (D:6)
  2 iguanas
  5 adders
  An ufetubus (D:6)
  3 dart slugs
  4 orcs
  5 endoplasms
  3 giant cockroaches
  10 goblins
  7 hobgoblins
  4 jackals (D:4)
  4 quokkas
  3 ball pythons
  2 bats
  3 frilled lizards (D:1)
  15 kobolds
  4 rats
98 creatures vanquished.

Vanquished Creatures (others)
  6 plants (D:1)
6 creatures vanquished.

Grand Total: 104 creatures vanquished

Notes
Turn   | Place    | Note
-------+----------+-------------------------------------------
     0 | D:1      | Hasart the Octopode Transmuter began the quest for the Orb.
     0 | D:1      | Reached XP level 1. HP: 13/13 MP: 3/3
   226 | D:1      | Reached XP level 2. HP: 18/18 MP: 5/5
   229 | D:1      | Learned a level 2 spell: Wereblood
   322 | D:1      | Found a faded altar of an unknown god.
   727 | D:1      | Reached XP level 3. HP: 23/23 MP: 4/6
   731 | D:1      | Learned a level 3 spell: Spider Form
  1168 | D:2      | Got the Volume of Lethal Intoxication
  1278 | D:2      | Found Rayn's Weapon Shoppe.
  1472 | D:2      | Identified the +0 chain mail of the Valley {-Tele Will+
                  | Str+7 Slay+3}
  1546 | D:2      | Reached XP level 4. HP: 22/28 MP: 7/7
  2049 | D:3      | Found an iron altar of Okawaru.
  2148 | D:3      | Found a glowing golden altar of the Shining One.
  2902 | D:4      | Noticed an ogre
  2918 | D:4      | Killed an ogre
  2919 | D:4      | Reached skill level 4 in Unarmed Combat
  2919 | D:4      | Reached skill level 1 in Poison Magic
  2919 | D:4      | Reached XP level 5. HP: 34/34 MP: 2/8
  3078 | D:4      | Reached skill level 1 in Evocations
  3183 | D:4      | Found a burning altar of Makhleb.
  3479 | D:4      | Reached XP level 6. HP: 26/39 MP: 8/10
  4077 | D:5      | Entered Level 5 of the Dungeon
  4079 | D:5      | Noticed Dowan
  4088 | D:5      | Killed Dowan
  4089 | D:5      | Reached XP level 7. HP: 45/45 MP: 5/11
  4090 | D:5      | Noticed Duvessa
  4109 | D:5      | Noticed Eustachio
  4115 | D:4      | Killed Duvessa
  4116 | D:4      | Reached skill level 5 in Unarmed Combat
  4402 | D:5      | Killed Eustachio
  4850 | D:5      | Found a staircase to the Ecumenical Temple.
  4897 | Temple   | Entered the Ecumenical Temple
  4932 | Temple   | Became a worshipper of Gozag Ym Sagoz the Greedy
  4966 | D:5      | Learned a level 4 spell: Ice Form
  5025 | D:5      | Reached XP level 8. HP: 52/52 MP: 11/13
  5138 | D:5      | Found a snail-covered altar of Cheibriados.
  5203 | D:5      | Reached skill level 1 in Ice Magic
  5392 | D:5      | Noticed Blork the orc
  5406 | D:5      | Killed Blork the orc
  5933 | D:6      | Noticed a komodo dragon
  5940 | D:6      | Killed a komodo dragon
  5941 | D:6      | Reached skill level 6 in Unarmed Combat
  6403 | D:6      | Identified the +0 pair of gloves of Context {rF+}
  6471 | D:6      | Reached XP level 9. HP: 58/58 MP: 11/15
  6526 | D:6      | Found a runed translucent gate.
  6527 | D:6      | Found a runed translucent gate.
  6528 | D:6      | Found a runed translucent gate.
  6531 | D:6      | Noticed earlgrey's ghost (novice TrTm)
  6849 | D:7      | Found a shimmering blue altar of Sif Muna.
  6881 | D:7      | Noticed Maggie
  6899 | D:7      | Killed from afar by Maggie

Illustrated notes

Levels and vault maps discovered:
D:1:      dpeg_arrival_erosion, layout_loops_ring,
          shapermc_ecumenical_altar_mp_urbaneastern, chequers_jeans,
          lexackson_kobold_supper
D:2:      layout_rooms, serial_shops, shop, minmay_misc_feat_encased,
          minmay_octomino_j4
D:3:      layout_loops_corners, mainiacjoe_overflow_six_doors_small,
          okawaru_ov_weapons_minmay, minivault_5
D:4:      layout_gridville, mainiacjoe_overflow_24_doors
D:5:      layout_cave_pods, cheibriados_altar_1, minmay_temple_entry_junction,
          serial_bayou_pond_e, uniq_eustachio, uniq_blork_the_orc, uniq_duvessa
D:6:      layout_rooms, gammafunk_ghost_split
D:7:      layout_loops_ring, mainiacjoe_overflow_paths,
          nicolae_overflow_crystal_walls, minmay_overflow_temple_star_quad,
          uniq_maggie
Temple:   nicolae_temple_god_jail

Skill      XL: |  1  2  3  4  5  6  7  8  9 |
---------------+----------------------------+-----
Fighting       | 2 3 4 |  4.0
Unarmed Combat | 4 5 6 |  6.6
Poison Magic   | 1 2 3 4 |  4.2
Evocations     | 1 2 3 |  3.8
Transmutations | 3 4 |  4.5
Dodging        | 3 4 |  4.4
Spellcasting   | 3 4 |  4.1
Ice Magic      | 2 |  2.5
Throwing       | |  0.2

Action                   |  1- 3 |  4- 6 |  7- 9 || total
-------------------------+-------+-------+-------++-------
Melee: Unarmed           |    85 |    95 |   122 ||   302
       Constrict         |    20 |    17 |     5 ||    42
       Tentacles         |     9 |    12 |     9 ||    30
       Punch             |     2 |     7 |     3 ||    12
       Kick              |     2 |       |       ||     2
 Cast: Wereblood         |     3 |     3 |     2 ||     8
       Beastly Appendage |     1 |       |       ||     1
       Spider Form       |       |     3 |    10 ||    13
       Ice Form          |       |       |     1 ||     1
Evoke: Lightning rod     |       |       |     6 ||     6
  Use: Scroll            |       |       |    15 ||    15
 Stab: Sleeping          |     7 |     8 |       ||    15
Armor: Skin              |     6 |     8 |     8 ||    22
Dodge: Dodged            |    51 |    61 |   123 ||   235

Table legend: (Time is in decaauts)
 A = Elapsed time spent in this place.
 B = Non-inter-level travel time spent in this place.
 C = Inter-level travel time spent in this place.
 D = Time resting spent in this place.
 E = Time spent auto-exploring this place.
 F = Levels seen in this place.
 G = Mean time per level.
                   A        B        C        D        E       F      G
               +--------+--------+--------+--------+--------+-----+--------+
         Total |   6875 |   6506 |    369 |    435 |   5054 |   8 |  859.4 |
       Dungeon |   6829 |   6470 |    359 |    435 |   5034 |   7 |  975.6 |
        Temple |     45 |     35 |     10 |      0 |     20 |   1 |   45.0 |
               +--------+--------+--------+--------+--------+-----+--------+

Top non-repeatable levels by time:
     D:5: 1729 daAuts
     D:4: 1438 daAuts
     D:3: 1053 daAuts
     D:2: 1022 daAuts
     D:1: 808 daAuts
     D:6: 710 daAuts
     D:7: 66 daAuts
  Temple: 45 daAuts
